 Dungeon Crawl Stone Soup version 0.21.1-1-g345015f (webtiles) character file.

92 xccam the Skirmisher (level 4, -6/35 HPs)
             Began as a Demonspawn Abyssal Knight on Feb 28, 2018.
             Was a Believer of Lugonu.
             Mangled by a bullfrog (8 damage)
             ... on level 3 of the Dungeon.
             The game lasted 00:04:43 (2029 turns).

xccam the Skirmisher (Demonspawn Abyssal Knight)    Turns: 2029, Time: 00:04:44

Health: -6/35      AC:  2    Str: 11    XL:     4   Next: 35%
Magic:  5/5        EV: 10    Int: 16    God:    Lugonu [**....]
Gold:   194        SH:  5    Dex: 12    Spells: 3/3 levels left

rFire    . . .     SeeInvis .   a - +1 mace
rCold    . . .     Gourm    .   d - +2 buckler
rNeg     . . .     Faith    .   b - +0 leather armour
rPois    .         Spirit   .   (no helmet)
rElec    .         Reflect  .   (no cloak)
rCorr    .         Harm     .   (no gloves)
MR       .....                  g - +0 pair of boots
Stlth    +.........             (no amulet)
HPRegen  0.11/turn              (no ring)
MPRegen  0.09/turn              (no ring)

@: no status effects
A: claws 1, clever 1, deformed body, weak 1, MP-powered wands
a: Depart the Abyss, Bend Space, Renounce Religion


You were on level 3 of the Dungeon.
You worshipped Lugonu.
Lugonu was pleased with you.
You were hungry.

You visited 1 branch of the dungeon, and saw 3 of its levels.
You visited the Abyss 1 time.

You collected 194 gold pieces.

Inventory:

Hand Weapons
 a - a +1 mace (weapon)
Armour
 b - a +0 leather armour (worn)
 d - a +2 buckler (worn)
 g - a +0 pair of boots (worn)
Scrolls
 e - 3 scrolls of remove curse
 f - 2 scrolls of identify {unknown}
 i - a scroll of immolation {unknown}
 m - a scroll of magic mapping {unknown}
Potions
 h - a potion of magic {unknown}
 k - a potion of haste {unknown}
 l - a potion of brilliance
Comestibles
 c - 7 rations


   Skills:
 - Level 3.0 Fighting
 - Level 2.3 Maces & Flails
 - Level 1.7 Armour
 - Level 0.8 Dodging
 - Level 1.1 Shields
 + Level 3.0 Unarmed Combat
 - Level 2.4 Invocations


You had 3 spell levels left.
You didn't know any spells.

Dungeon Overview and Level Annotations

Branches:
Dungeon (3/15)

Altars:
Elyvilon
Kikubaaqudgha
Makhleb
Trog


Innate Abilities, Weirdness & Mutations

You have sharp fingernails.
Your mind is acute. (Int +2)
Armour fits poorly on your strangely shaped body.
You are weak. (Str -2)
You expend magic power (3 MP) to strengthen your wands.


Message History

You block the bullfrog's attack. x2
You hit the bullfrog.
The bullfrog is heavily wounded.
The bullfrog closely misses you. The bullfrog hits you.
A bat comes into view.
Your shield prevents you from hitting the bullfrog.
The bullfrog is heavily wounded.
The bullfrog hits you! You block the bullfrog's attack.
You are too injured to fight recklessly!
You are too injured to fight recklessly!
You are too injured to fight recklessly!
You hit the bullfrog.
The bullfrog is severely wounded.
You block the bat's attack. The bullfrog barely misses you.
The bat barely misses you. The bullfrog hits you!
* * * LOW HITPOINT WARNING * * *
The bat hits you.
* * * LOW HITPOINT WARNING * * *
You block the bat's attack. The bullfrog hits you!
You die...

#.... #....
#...# #...#
##...#######
#...........
#.#..b.##
#.....F.#
#...#@..#
#####.###
..# ##.h #..
#... #...
.....


You could see a bullfrog, a jackal (wandering) and a bat.

Vanquished Creatures
  Jessica (D:2)
  A gnoll (D:1)
  An ooze (D:2)
  A worm (D:2)
  A dart slug (D:2)
  A ball python (D:1)
  8 bats
  3 giant cockroaches
  8 goblins
  6 hobgoblins
  A quokka (D:2)
  4 frilled lizards
  5 kobolds
  8 rats
49 creatures vanquished.

Notes
Turn   | Place    | Note
-------+----------+-------------------------------------------
     0 | Abyss:1  | xccam the Demonspawn Abyssal Knight began the quest for the Orb.
     0 | Abyss:1  | Reached XP level 1. HP: 18/18 MP: 2/2
    42 | Abyss:1  | Found a corrupted altar of Lugonu.
    82 | D:1      | Escaped the Abyss
   253 | D:1      | Reached skill level 1 in Shields
   253 | D:1      | Gained mutation: You have sharp fingernails. [demonic ancestry]
   253 | D:1      | Reached XP level 2. HP: 18/24 MP: 3/3
   403 | D:1      | Reached ** piety under Lugonu
   469 | D:1      | HP: 1/24 [gnoll (4)]
   576 | D:1      | Reached skill level 1 in Unarmed Combat
   897 | D:2      | Reached XP level 3. HP: 27/29 MP: 4/4
  1055 | D:2      | Noticed Jessica
  1072 | D:2      | Gained mutation: You expend magic power (3 MP) to strengthen your wands. [potion of mutation]
  1072 | D:2      | Gained mutation: Armour fits poorly on your strangely shaped body. [potion of mutation]
  1072 | D:2      | Gained mutation: You are weak. (Str -2) [potion of mutation]
  1072 | D:2      | Gained mutation: Your mind is acute. (Int +2) [potion of mutation]
  1074 | D:2      | Killed Jessica
  1402 | D:2      | Reached XP level 4. HP: 33/35 MP: 5/5
  1436 | D:2      | Found a white marble altar of Elyvilon.
  1438 | D:2      | Found an ancient bone altar of Kikubaaqudgha.
  1798 | D:2      | Found a bloodstained altar of Trog.
  1799 | D:2      | Found a burning altar of Makhleb.
  2020 | D:3      | Noticed a bullfrog
  2029 | D:3      | Mangled by a bullfrog

Skill      XL: |  1  2  3  4 |
---------------+-------------+-----
Maces & Flails | 2 |  2.3
Shields        | 1 |  1.1
Unarmed Combat | 1 2 3 |  3.0
Fighting       | |  3.0
Armour         | |  1.7
Dodging        | |  0.8
Invocations    | |  2.4

Action                   |  1- 3 |  4- 6 || total
-------------------------+-------+-------++-------
Melee: Mace              |   120 |    50 ||   170
  Use: Scroll            |     1 |       ||     1
       Potion            |     2 |       ||     2
  Eat: Chunk             |     1 |     2 ||     3
Armor: Leather armour    |    34 |     7 ||    41
Dodge: Dodged            |    63 |    32 ||    95
Block: Buckler           |    29 |    23 ||    52
